 Dungeon Crawl Stone Soup version 0.21-a0-178-g0b87683 (webtiles) character file.

1422 wolfsongas the Carver (level 8, -9/58 HPs)
             Began as a Demonspawn Fighter on Aug 9, 2017.
             Mangled by an orc warrior
             ... wielding a +0 halberd
              (18 damage)
             ... on level 6 of the Dungeon.
             The game lasted 00:10:04 (6451 turns).

wolfsongas the Carver (Demonspawn Fighter)          Turns: 6451, Time: 00:10:05

Health: -9/58      AC:  7    Str: 15 (18) XL:     8   Next: 44%
Magic:  8/8        EV: 10    Int:  7 (9)  God:
Gold:   312        SH:  0    Dex: 13 (16) Spells: 7/7 levels left

rFire    . . .     SeeInvis .   i - +4 long sword (pain)
rCold    + . .     Gourm    .   c - +1 shield
rNeg     . . .     Faith    .   b - +0 scale mail
rPois    .         Spirit   .   (helmet restricted)
rElec    .         Reflect  .   t - scarf {repulsion}
rCorr    .         Harm     .   u - +0 pair of gloves
MR       .....                  (no boots)
Stlth    ..........             (no amulet)
HPRegen  0.19/turn              n - +2 ring of dexterity
MPRegen  0.11/turn              o - +4 ring of evasion

@: confused, repel missiles
A: antennae 1, claws 2, hooves 1, cold resistance 1, nightstalker 1
a: no special abilities


You were on level 6 of the Dungeon.
You were not hungry.

You visited 1 branch of the dungeon, and saw 6 of its levels.

You collected 312 gold pieces.

Inventory:

Hand Weapons
 a - a +0 trident
 g - a +3 dagger of electrocution
 i - a +4 long sword of pain (weapon)
 j - a +2 dagger of venom
 l - a -1 dagger
 x - a +2 great mace of holy wrath
Armour
 b - a +0 scale mail (worn)
 c - a +1 shield (worn)
 e - a +0 cloak
 t - a scarf of repulsion (worn)
 u - a +0 pair of gloves (worn)
Jewellery
 n - a +2 ring of dexterity (left hand)
 o - a +4 ring of evasion (right hand)
Wands
 q - a wand of random effects (19/48)
Scrolls
 h - 2 scrolls of identify
 r - 2 scrolls of recharging
Potions
 d - 2 potions of might
 k - a potion of lignification
Books
 p - Kikubaaqudgha's Collected Works on Sinister Magic
   (You found it on level 4 of the Dungeon)

   Spells                             Type                      Level
   a - Pain                           Necromancy                   1
Comestibles
 f - 2 bread rations
 m - a fruit


   Skills:
 - Level 3.0 Fighting
 - Level 1.3(5.9) Short Blades
 * Level 9.2(9.3) Long Blades
 - Level 2.3 Polearms
 - Level 2.6 Armour
 - Level 2.6 Shields


You had 7 spell levels left.
You didn't know any spells.

Dungeon Overview and Level Annotations

Branches:
Dungeon (6/15)             Temple (0/1) D:5

Altars:
Kikubaaqudgha
Ru
Sif Muna
Trog
Vehumet
The Shining One


Innate Abilities, Weirdness & Mutations

You have a pair of small antennae on your head.
You have very sharp fingernails.
You have large cloven feet.
Your flesh is cold resistant. (rC+)
You are slightly more attuned to the shadows.


Message History

You are too injured to fight recklessly!
You are too injured to fight recklessly!
You are too injured to fight recklessly!
You are too injured to fight recklessly!
You are too injured to fight recklessly!
You are too injured to fight recklessly!
The orc warrior barely misses you.
You barely miss the orc warrior. Your kick misses the orc warrior.
The orc warrior is heavily wounded.
The orc barely misses you. The orc warrior barely misses you.
Something hits you but does no damage.
You closely miss the orc. You kick the orc.
The orc is severely wounded.
The orc barely misses you. Something hits you but does no damage.
The orc warrior hits you with a halberd!
* * * LOW HITPOINT WARNING * * *
You hit something. Your kick misses something. The orc closely misses you.
Something hits you but does no damage.
The orc warrior hits you with a halberd!!
You die...

######### #.......#
###### #.......# ......
#.......# ......
#####.###'#####......
#..>.................
####'#.##########.#####
.......# #...@{#
.......# #.|o.o#
.......# #......#
####'#.... +........
#...##### #....#=###
##'###### .....#.#
........# ......#..
..)(.(#.#
....(.#.#........##..#


You could see an orc warrior and an orc.

Vanquished Creatures
  2 phantoms
  4 ogres
  An ice beast (D:5)
  A centaur (D:6)
  A bullfrog (D:6)
  2 scorpions
  A howler monkey (D:4)
  A centaur zombie (D:6)
  A crimson imp (D:5)
  A jelly (D:3)
  A hound (D:4)
  An orc priest (D:4)
  An iguana (D:4)
  3 orc wizards (D:4)
  2 worker ants
  A hound skeleton (D:4)
  2 hound zombies (D:5)
  A worker ant zombie (D:5)
  8 adders
  An ooze (D:5)
  An adder skeleton (D:4)
  4 worms
  3 leopard geckos
  10 orcs
  A ball python (D:3)
  7 giant cockroaches
  4 goblins
  2 hobgoblins
  9 jackals
  2 quokkas
  6 bats
  5 frilled lizards
  5 kobolds
  2 leopard gecko skeletons (D:5)
  A quokka skeleton (D:4)
  5 rats
103 creatures vanquished.

Vanquished Creatures (others)
  A wizard (D:5)
1 creature vanquished.

Grand Total: 104 creatures vanquished

Notes
Turn   | Place    | Note
-------+----------+-------------------------------------------
     0 | D:1      | wolfsongas the Demonspawn Fighter began the quest for the Orb.
     0 | D:1      | Reached XP level 1. HP: 18/18 MP: 1/1
   750 | D:1      | Gained mutation: You have large cloven feet. [demonic ancestry]
   750 | D:1      | Reached XP level 2. HP: 21/24 MP: 2/2
   972 | D:2      | Reached skill level 1 in Short Blades
  1128 | D:2      | Found a sacrificial altar of Ru.
  1189 | D:2      | Found a glowing golden altar of the Shining One.
  1852 | D:3      | Reached skill level 1 in Long Blades
  1852 | D:3      | Gained mutation: You have sharp fingernails. [demonic ancestry]
  1852 | D:3      | Reached XP level 3. HP: 28/29 MP: 3/3
  2186 | D:3      | Reached skill level 2 in Long Blades
  2200 | D:3      | Gained mutation: Your flesh is cold resistant. (rC+) [demonic ancestry]
  2200 | D:3      | Reached XP level 4. HP: 22/35 MP: 4/4
  2223 | D:3      | Reached skill level 3 in Long Blades
  3151 | D:4      | Gained mutation: You have very sharp fingernails. [demonic ancestry]
  3151 | D:4      | Reached XP level 5. HP: 41/41 MP: 5/5
  3159 | D:4      | Noticed an ogre
  3168 | D:4      | Killed an ogre
  3168 | D:4      | Reached skill level 4 in Long Blades
  3485 | D:4      | Reached XP level 6. HP: 41/47 MP: 6/6
  3566 | D:4      | Found an ancient bone altar of Kikubaaqudgha.
  3581 | D:4      | Reached skill level 5 in Long Blades
  3598 | D:4      | Found a deep blue altar of Sif Muna.
  3893 | D:4      | Found a radiant altar of Vehumet.
  3897 | D:4      | Identified Kikubaaqudgha's Collected Works on Sinister Magic
  4095 | D:4      | Reached skill level 6 in Long Blades
  4212 | D:4      | Gained mutation: You are slightly more attuned to the shadows. [demonic ancestry]
  4212 | D:4      | Reached XP level 7. HP: 52/52 MP: 7/7
  4690 | D:4      | Reached skill level 7 in Long Blades
  4802 | D:5      | Entered Level 5 of the Dungeon
  4930 | D:5      | Reached skill level 8 in Long Blades
  4991 | D:5      | Gained mutation: You have a pair of small antennae on your head. [demonic ancestry]
  4991 | D:5      | Reached XP level 8. HP: 54/58 MP: 8/8
  5006 | D:5      | Found a staircase to the Ecumenical Temple.
  5354 | D:5      | Found a bloodstained altar of Trog.
  5357 | D:5      | Noticed a wizard
  5362 | D:5      | Killed a wizard
  5950 | D:6      | Reached skill level 9 in Long Blades
  6451 | D:6      | Mangled by an orc warrior

Vault maps used:
D:1:      matt_arrival_grand_opening
D:2:      hangedman_ru_absence, overflow_temple_1_default
D:3:      minmay_box_of_dots
D:4:      grunt_temple_overflow_magic_moments
D:5:      temple_hall, first_bread, gup_sewer_entry_spiral, trog_wizard
D:6:      uniq_crazy_yiuf_cottage, uniq_prince_ribbit1

Skill      XL: |  1  2  3  4  5  6  7  8 |
---------------+-------------------------+-----
Polearms       | 2 |  2.3
Short Blades   | 1 |  1.3
Long Blades    | 1 2 3 4 6 8 9 |  9.2
Fighting       | |  3.0
Armour         | |  2.6
Shields        | |  2.6

Action                   |  1- 3 |  4- 6 |  7- 9 || total
-------------------------+-------+-------+-------++-------
Melee: Trident           |    23 |       |       ||    23
       Dagger            |    32 |       |       ||    32
       Long sword        |    45 |   150 |   145 ||   340
       Kick              |    10 |    51 |    39 ||   100
  Use: Scroll            |     9 |     2 |     4 ||    15
       Potion            |     2 |     2 |     3 ||     7
  Eat: Chunk             |     1 |     4 |       ||     5
       Bread ration      |     1 |     2 |       ||     3
Armor: Scale mail        |    58 |    87 |    39 ||   184
       Skin              |       |     5 |       ||     5
Dodge: Dodged            |    43 |    45 |    56 ||   144
Block: Shield            |    52 |    90 |    42 ||   184
       Rpst.: Long sword |     7 |     9 |    11 ||    27
